 Dungeon Crawl Stone Soup version 0.20.1-1-g8b1a95d (webtiles) character file.

125 equalderp2856 the Ducker (level 4, -1/24 HPs)
             Began as a Spriggan Fighter on July 17, 2017.
             Slain by an orc priest
             ... wielding a +0 hand axe
              (3 damage)
             ... on level 3 of the Dungeon.
             The game lasted 00:05:18 (3129 turns).

equalderp2856 the Ducker (Spriggan Fighter)         Turns: 3129, Time: 00:05:19

Health: -1/24      AC:  2    Str: 13    XL:     4   Next: 82%
Magic:  5/5        EV: 21    Int:  9    God:
Gold:   179        SH:  6    Dex: 15    Spells: 3/3 levels left

rFire    . . .     SeeInvis +   o - +1 falchion (flame)
rCold    . . .     Gourm    .   c - +0 buckler
rNeg     . . .     Faith    .   b - +0 robe
rPois    .         Spirit   .   (helmet restricted)
rElec    .         Reflect  .   (no cloak)
rCorr    .         Harm     .   (gloves unavailable)
MR       .....                  (boots unavailable)
Stlth    ++........             (no amulet)
Regen    0.1/turn               i - +1 ring of evasion
MPRegen  0.1/turn               (no ring)

@: very quick
A: unfitting armour, see invisible, herbivore 3, speed 3, slow metabolism 2
a: no special abilities


You were on level 3 of the Dungeon.
You were not hungry.

You visited 1 branch of the dungeon, and saw 3 of its levels.

You collected 179 gold pieces.

Inventory:

Hand Weapons
 a - a +0 rapier
 o - a +1 falchion of flaming (weapon)
 p - a +0 dagger of venom
Missiles
 h - 44 arrows
 m - 27 bolts
 s - 130 stones (quivered)
Armour
 b - a +0 robe (worn)
 c - a +0 buckler (worn)
 n - a cursed +0 helmet
Jewellery
 i - a +1 ring of evasion (left hand)
Scrolls
 e - 3 scrolls of enchant armour {unknown}
 l - a scroll of teleportation {unknown}
 q - a scroll of amnesia {unknown}
 t - a scroll of identify {unknown}
 v - a scroll of remove curse {unknown}
Potions
 d - 2 potions of might
 j - a potion of curing
 k - a potion of lignification {unknown}
 r - a potion of flight {unknown}
 u - 2 potions of heal wounds {unknown}
 w - a potion of brilliance {unknown}
Comestibles
 f - 2 bread rations
 g - 5 royal jellies


   Skills:
 + Level 3.0 Fighting
 + Level 3.5(3.7) Short Blades
 + Level 1.0(1.9) Long Blades
 + Level 5.4 Dodging
 + Level 0.9 Stealth
 + Level 2.4 Shields


You had 3 spell levels left.
You didn't know any spells.

Dungeon Overview and Level Annotations

Branches:
Dungeon (3/15)

Altars:
Okawaru
Uskayaw

Annotations:
D:2 Sigmund


Innate Abilities, Weirdness & Mutations

You are very small and have problems with some larger weapons.
You are too small for most types of armour.
You have supernaturally acute eyesight. (SInv)
You are a herbivore.
You cover ground extremely quickly.
You need consume almost no food.


Message History

The orc priest miscasts a cantrip.
You hit the orc priest but do no damage.
The orc priest is almost dead.
The orc priest closely misses you.
You riposte.
You closely miss the orc priest.
The orc priest is almost dead.
You barely miss the orc priest.
The orc priest is almost dead.
The orc priest hits you with a hand axe.
You barely miss the orc priest.
The orc priest is almost dead.
The orc priest misses you.
You hit the orc priest but do no damage.
The orc priest is almost dead.
The orc priest hits you with a hand axe!
* * * LOW HITPOINT WARNING * * *
You hit the orc priest but do no damage.
The orc priest is almost dead.
The orc priest hits you with a hand axe.
You die...

#.###
#.......#
.#..#
##.....##
#.#.# ##....#
###.# ####.#
#.# #.# #.#
##.# #.# #..#
###.## #.##
.....##### #@#
#.#.#.#..# #o#
.........# #o#
#.#.#....# #o#
##...#...# #o#
##.##...# #.#
###......#####
#.#
..............
...
#####..#######


You could see an orc priest and 3 orcs.

Vanquished Creatures
  5 adders
  2 oozes
  A worm (D:2)
  3 leopard geckos
  2 orcs (D:3)
  7 bats
  2 giant cockroaches
  6 hobgoblins
  5 jackals (D:1)
  3 ball pythons
  5 frilled lizards
  10 goblins
  10 kobolds
  3 rats
64 creatures vanquished.

Notes
Turn   | Place    | Note
-------+----------+-------------------------------------------
     0 | D:1      | equalderp2856 the Spriggan Fighter began the quest for the Orb.
     0 | D:1      | Reached XP level 1. HP: 11/11 MP: 2/2
   261 | D:1      | Reached XP level 2. HP: 3/16 MP: 3/3
   806 | D:1      | Found an iron altar of Okawaru.
  1059 | D:1      | You fall through a shaft!
  1067 | D:2      | Reached XP level 3. HP: 12/19 MP: 4/4
  1250 | D:2      | Reached skill level 5 in Dodging
  1280 | D:2      | Found a hide-covered altar of Uskayaw.
  1316 | D:2      | Noticed Sigmund
  2368 | D:2      | Reached XP level 4. HP: 19/23 MP: 5/5
  3117 | D:3      | Reached skill level 1 in Long Blades
  3129 | D:3      | Slain by an orc priest

Skill      XL: |  1  2  3  4 |
---------------+-------------+-----
Dodging        | 5 |  5.4
Short Blades   | 3 |  3.5
Fighting       | 3 |  3.0
Long Blades    | 1 |  1.0
Stealth        | |  0.9
Shields        | |  2.4

Action                   |  1- 3 |  4- 6 || total
-------------------------+-------+-------++-------
Melee: Rapier            |   123 |       ||   123
       Falchion          |    10 |    70 ||    80
  Use: Potion            |     1 |       ||     1
 Stab: Sleeping          |     1 |     1 ||     2
Armor: Robe              |     9 |     5 ||    14
Dodge: Dodged            |   119 |    61 ||   180
Block: Buckler           |    49 |    25 ||    74
       Rpst.: Falchion   |     4 |    21 ||    25
